 Dungeon Crawl Stone Soup version 0.32-a0-42-ga30500b4d3 (webtiles) character file.

Game seed: 10787139484285347665

236 demibob the Slasher (level 5, -6/41 HPs)
             Began as a Demonspawn Chaos Knight on Jan 30, 2024.
             Was a Plaything of Xom.
             Mangled by an orc
             ... wielding a +4 club of chaos
              (20 damage)
             ... on level 4 of the Dungeon.
             The game lasted 00:03:46 (1911 turns).

demibob the Slasher (Demonspawn Chaos Knight)       Turns: 1911, Time: 00:03:48

Health: -6/41      AC:  8    Str: 15    XL:     5   Next: 77%
Magic:  5/5        EV: 11    Int: 12    God:    Xom [......]
Gold:   219        SH:  0    Dex: 12    Spells: 4/4 levels left

rFire   . . .        a - +0 falchion (chaos)
rCold   . . .        (no shield)
rNeg    . . .        b - +2 leather armour
rPois   .            (no helmet)
rElec   .            g - +0 cloak
rCorr   .            h - +1 pair of gloves
SInv    .            (no boots)
Will    .....        (no amulet)
Stlth   +            (no ring)
HPRegen 0.26/turn    (no ring)
MPRegen 0.09/turn

%: no passive effects
@: confused, lethally poisoned (-6 -> -12)
A: hooves 1, demonic guardian 1, powered by pain 1
a: Renounce Religion


You were on level 4 of the Dungeon.
You worshipped Xom.
You were a very special plaything of Xom.
You visited 1 branch of the dungeon, and saw 4 of its levels.

You collected 219 gold pieces.


Innate Abilities, Weirdness & Mutations

You have large cloven feet.
A weak demonic guardian rushes to your aid.
You sometimes gain a little power by taking damage.


   Skills:
 - Level 3.0 Fighting
 + Level 6.0 Long Blades
 - Level 1.7 Armour
 - Level 0.8 Dodging


You had 4 spell levels left.
You didn't know any spells.
Your spell library contained the following spells:

 Spells                   Type           Power      Damage    Failure   Level
 Sandblast                Erth           0%         2d4       38%         1
 Passwall                 Erth           0%         N/A       77%         3
 Stone Arrow              Conj/Erth      0%         3d7       77%         3
 Summon Ice Beast         Ice/Summ       0%         N/A       77%         3
 Brom's Barrelling Bould  Conj/Erth      0%         2d3       99%         4
 Summon Mana Viper        Hex/Summ       0%         N/A       100%        5
 Monstrous Menagerie      Summ           0%         N/A       100%        7

Inventory:

Hand Weapons
 a - a +0 falchion of chaos (weapon)
Armour
 b - a +2 leather armour (worn)
 g - a +0 cloak (worn)
 h - a +1 pair of gloves (worn)
Jewellery
 C - a ring of ice
 M - a ring of magical power
Scrolls
 c - a scroll of butterflies
Potions
 e - a potion of might {unknown}
 j - a potion of curing {@q1}
 n - a potion of invisibility
 o - a potion of ambrosia {unknown}

Dungeon Overview and Level Annotations

Branches:
Dungeon (4/15)             Temple (0/1) D:4

Altars:
Fedhas
Gozag
Okawaru
Trog
Uskayaw
Vehumet

Shops:
D:1 [

Annotations:
D:3 2 transporters, Azoth's ghost, amateur DEHu

......................
.....................
###.........##......#..
.#..........# #.##...#..
.).........# #....)....
...........## #.<..#....
....#.o)o...###...##....
#..#.S.o.....###..#....
#.....@....... ....####
...#...............###..
...........####....##...
......#.#...####........
#...####...........##...
#... #....#.....#####..
.... ##..##.......###..
#.....##..##.....[..#...
............).....#...


You could see 2 orc wizards, an adder and an orc.


Message History

The orc is moderately wounded.
The orc misses you. The orc barely misses you. The adder barely misses you.
You hit the orc but do no damage.
The orc is lightly wounded.
The adder bites you but does no damage. The orc closely misses you.
The orc wizard hits you with a +0 dagger.
The orc hits you but does no damage.
You hit the orc. Lightning courses through the orc!
You kill the orc! "Have a taste of chaos, mortal."
The orc's +0 club erupts in a glittering mayhem of colour.
The adder bites you.
The orc wizard hits you with a +0 dagger.
The orc barely misses you.
The orc wizard hits you but does no damage.
The adder bites you.
The orc wizard points at you and mumbles some strange words.
The puff of flame hits you! The orc completely misses you.
The orc wizard gestures at you while chanting.
You are confused.
It was a potion of magic.
Magic courses through your body. The adder bites you.
You are poisoned.
The adder poisons you! The adder bites you but does no damage.
The orc wizard casts a spell at you. You resist with some effort.
The orc hits you with a +4 club of chaos!
* * * LOW HITPOINT WARNING * * *
You are electrocuted!!
You die...
Xom chortles!

Skill      XL: |  1  2  3  4  5 |
---------------+----------------+-----
Long Blades    | 3 4 5 6 |  6.0
Fighting       | |  3.0
Armour         | |  1.7
Dodging        | |  0.8

Action                     |  1- 3 |  4- 6 || total
---------------------------+-------+-------++-------
  Melee: Falchion          |    76 |    95 ||   171
         Kick              |       |    12 ||    12
    Use: Scroll            |     1 |     3 ||     4
         Potion            |       |     4 ||     4
   Stab: Paralysed         |       |     1 ||     1
 Armour: Leather armour    |    59 |    70 ||   129
         Skin              |       |     2 ||     2
  Dodge: Dodged            |    47 |    55 ||   102

Levels and vault maps discovered:
D:1:      dpeg_arrival_houses_and_road, layout_rooms, serial_shops, shop,
          minmay_misc_feat_doors
D:2:      layout_rooms, minmay_pentomino_v2
D:3:      layout_rooms, nicolae_overflow_hallway_of_the_gods,
          gammafunk_ghost_mausoleum
D:4:      layout_cave_pools, mainiacjoe_overflow_boulevard,
          minmay_temple_entry_trees, minmay_goblin_outpost

Notes
Turn   | Place    | Note
-------+----------+-------------------------------------------
     0 | D:1      | demibob the Demonspawn Chaos Knight began the quest for the
                  | Orb.
     0 | D:1      | Reached XP level 1. HP: 18/18 MP: 1/1
    16 | D:1      | Reached skill level 3 in Long Blades
    37 | D:1      | Gained mutation: You sometimes gain a little power by
                  | taking damage. [demonic ancestry]
    37 | D:1      | Reached XP level 2. HP: 17/24 MP: 2/2
    60 | D:1      | XOM: silly message
    70 | D:1      | Found Fesagaol's Armour Shop.
    83 | D:1      | XOM: potion effect (haste)
    84 | D:1      | XOM: smoke on damage
   154 | D:1      | XOM: silly message
   241 | D:1      | XOM: divination: detect creatures
   286 | D:1      | XOM: divination: detect items
   311 | D:1      | XOM: divination: magic mapping
   589 | D:2      | You fall into a shaft and drop 1 floor!
   616 | D:3      | Reached skill level 4 in Long Blades
   616 | D:3      | Gained mutation: A weak demonic guardian rushes to your
                  | aid. [demonic ancestry]
   616 | D:3      | Reached XP level 3. HP: 29/29 MP: 3/3
   692 | D:3      | Found a transporter.
   692 | D:3      | Noticed Azoth's ghost (amateur DEHu)
   695 | D:3      | Found a transporter.
   898 | D:2      | Reached XP level 4. HP: 30/35 MP: 4/4
  1011 | D:2      | XOM: silly message
  1388 | D:3      | Noticed a sky beast
  1400 | D:3      | XOM: polymorph shadow imp -> ufetubus
  1405 | D:3      | Killed a sky beast
  1406 | D:3      | Reached skill level 5 in Long Blades
  1406 | D:3      | Gained mutation: You have large cloven feet. [demonic
                  | ancestry]
  1406 | D:3      | Reached XP level 5. HP: 37/41 MP: 5/5
  1512 | D:3      | Found an opulent altar of Gozag.
  1543 | D:3      | Found a blossoming altar of Fedhas.
  1546 | D:3      | Found an iron altar of Okawaru.
  1546 | D:3      | Found a hide-covered altar of Uskayaw.
  1547 | D:3      | Found a bloodstained altar of Trog.
  1550 | D:3      | Found a radiant altar of Vehumet.
  1761 | D:4      | Found a staircase to the Ecumenical Temple.
  1800 | D:4      | Reached skill level 6 in Long Blades
  1909 | D:4      | XOM: chaos upgrade
  1911 | D:4      | Mangled by an orc

Vanquished Creatures
  A sky beast (D:3)
  A hound (D:4)
  4 adders
  4 dart slugs
  A ribbon worm (D:3)
  An orc (D:4)
  5 bats
  6 endoplasms
  A giant cockroach (D:1)
  10 goblins
  7 hobgoblins
  6 kobolds
  2 quokkas (D:2)
  8 ball pythons
  2 frilled lizards (D:2)
  3 rats
62 creatures vanquished.

Vanquished Creatures (collateral kills)
  An endoplasm (D:2)
  A hobgoblin (D:2)
  A frilled lizard (D:2)
3 creatures vanquished.

Grand Total: 65 creatures vanquished

Table legend: (Time is in decaauts)
 A = Elapsed time spent in this place.
 B = Non-inter-level travel time spent in this place.
 C = Inter-level travel time spent in this place.
 D = Time resting spent in this place.
 E = Time spent auto-exploring this place.
 F = Levels seen in this place.
 G = Mean time per level.
                   A        B        C        D        E       F      G
               +--------+--------+--------+--------+--------+-----+--------+
         Total |   1923 |   1862 |     61 |     49 |   1388 |   4 |  480.8 |
       Dungeon |   1923 |   1862 |     61 |     49 |   1388 |   4 |  480.8 |
               +--------+--------+--------+--------+--------+-----+--------+

Top non-repeatable levels by time:
     D:3: 656 daAuts
     D:2: 572 daAuts
     D:1: 527 daAuts
     D:4: 167 daAuts

Table legend:
 A = Non-vault XP
 B = Vault XP
 C = Vault XP percentage of total XP
 D = Non-vault monster count
 E = Vault monster count
 F = Vault count percentage of total count
                 A         B        C        D         E       F
            +---------+---------+-------+---------+---------+-------
      Total |     317 |      21 |   6.2 |      60 |       5 |   7.7
            +---------+---------+-------+---------+---------+-------
        D:1 |      33 |       0 |   0.0 |      18 |       0 |   0.0
        D:2 |      69 |      14 |  16.9 |      25 |       1 |   3.8
        D:3 |     163 |       0 |   0.0 |      11 |       0 |   0.0
        D:4 |      52 |       7 |  11.9 |       6 |       4 |  40.0
            +---------+---------+-------+---------+---------+-------
